 Dungeon Crawl Stone Soup version 0.17.1-2-g5865329 (webtiles) character file.

121 FortyThree the Insei (level 5, -14/27 HPs)
             Began as a Vine Stalker Monk on Jan 22, 2016.
             Demolished by an ogre
             ... wielding a +0 giant club
              (29 damage)
             ... on level 3 of the Dungeon.
             The game lasted 00:05:34 (1793 turns).

FortyThree the Insei (Vine Stalker Monk)            Turns: 1793, Time: 00:05:34

Health: -14/27     AC:  2    Str: 13    XL:     5   Next: 5%
Magic:  0/6        EV: 13    Int: 11    God:
Gold:   135        SH:  0    Dex: 17    Spells: 0 memorised, 4 levels left

rFire  . . .     SeeInvis .       - Unarmed
rCold  . . .     Clarity  .     a - +0 robe
rNeg   . . .     SustAt   .     (no shield)
rPois  .         Gourm    .     (no helmet)
rElec  .         Spirit   +     (no cloak)
rCorr  .         Warding  .     (no gloves)
rMut   .         Stasis   .     (no boots)
MR     .....                    (no amulet)
Stlth  ++........               (no ring)
                                (no ring)

@: not resistant to hostile enchantments, unstealthy
A: fangs 2, regeneration 1, magic shield, antimagic bite, no device heal 3, rot
immunity
a: no special abilities


You were on level 3 of the Dungeon.
You were not hungry.

You visited 1 branch of the dungeon, and saw 3 of its levels.

You collected 135 gold pieces.

Inventory:

Armour
 a - a +0 robe (worn)
Jewellery
 i - an uncursed ring of ice {unknown}
 o - a cursed ring of teleportation {unknown}
Scrolls
 c - 2 scrolls of amnesia {unknown}
 f - 4 scrolls of identify {unknown}
 h - 3 scrolls of teleportation {unknown}
 j - a scroll of enchant armour {unknown}
 l - a scroll of fog {unknown}
 p - 2 scrolls of noise {unknown}
Potions
 d - a potion of resistance {unknown}
 e - a potion of curing
 k - 2 potions of cure mutation {unknown}
 m - a potion of flight {unknown}
 q - a potion of cancellation {unknown}
Comestibles
 b - a bread ration
 g - a beef jerky
 n - 2 meat rations
 r - 3 fruits


   Skills:
 - Level 2.6 Fighting
 - Level 2.4 Dodging
 - Level 2.4 Stealth
 + Level 6.2 Unarmed Combat


You had 4 spell levels left.
You didn't know any spells.

Dungeon Overview and Level Annotations

Branches:
Dungeon (3/15)

Altars:


Innate Abilities, Weirdness & Mutations

You have extremely sharp teeth.
Your natural rate of healing is unusually fast.
When hurt, damage is shared between your health and your magic reserves.
Your bite disrupts and absorbs the magic of your enemies.
Potions and wands cannot restore your health.
You are immune to rotting.


Message History

The jackal bites you but does no damage.
You punch the jackal!
You kill the jackal!
The ogre closely misses you.
You punch the ogre!
The ogre is moderately wounded.
You barely miss the ogre. You bite the ogre. You drain its power.
The ogre is heavily wounded.
The ogre closely misses you. The orc misses you.
You punch the ogre! You bite the ogre, but do no damage.
The ogre is severely wounded.
The orc closely misses you. The ogre hits you with a giant club!
You hit the ogre. Your bite misses the ogre.
The ogre is almost dead.
The orc barely misses you.
You completely miss the ogre.
The ogre is almost dead.
The ogre hits you with a giant club!!
Ouch! That really hurt!
You die...

......#.# #
.......... #######
#....##..
.......####........
..........%....#
..............(#
..####........#...#
#..#.†.Oo# o<
##.#_#...@#
#...#.....#
#.........#
#.#.##....#
#...####### ####
###.# ##... #.#
##.... #.# #...).
#.# #.....


You could see an ogre and an orc.

Vanquished Creatures
  The ghost of pipel the Grave Robber, a weakling VSNe (D:3)
  2 adders (D:3)
  2 worms
  6 bats
  4 giant cockroaches
  13 goblins
  9 hobgoblins
  10 jackals
  3 kobolds (D:1)
  A ball python (D:3)
  2 giant geckos
  6 giant newts
  7 rats
66 creatures vanquished.

Notes
Turn   | Place    | Note
--------------------------------------------------------------
     0 | D:1      | FortyThree the Vine Stalker Monk began the quest for the Orb.
     0 | D:1      | Reached XP level 1. HP: 11/11 MP: 2/2
   123 | D:1      | Reached XP level 2. HP: 11/16 MP: 3/3
   383 | D:1      | Reached XP level 3. HP: 7/19 MP: 0/4
   499 | D:1      | Reached skill level 5 in Unarmed Combat
  1355 | D:3      | Reached XP level 4. HP: 23/23 MP: 5/5
  1392 | D:3      | Noticed pipel's ghost (weakling VSNe)
  1513 | D:3      | Killed pipel's ghost
  1513 | D:3      | Reached skill level 6 in Unarmed Combat
  1701 | D:3      | Reached XP level 5. HP: 22/27 MP: 6/6
  1731 | D:3      | Found a faded altar to an unknown god.
  1780 | D:3      | Noticed an ogre
  1793 | D:3      | Demolished by an ogre

Action                   |  1- 3 |  4- 6 || total
-------------------------+-------+-------++-------
Melee: Unarmed           |   159 |    61 ||   220
  Use: Potion            |       |     1 ||     1
 Stab: Sleeping          |     2 |       ||     2
  Eat: Chunk             |     1 |     2 ||     3
